 Dungeon Crawl Stone Soup version 0.28.0-53-g5a82cb258f (webtiles) character file.

Game seed: 7636357233985038619

305 H0rd4k the Charlatan (level 6, 0/47 HPs)
             Began as a Human Artificer on May 31, 2022.
             Slain by a mummy (9 damage)
             ... in an ossuary.
             The game lasted 00:03:07 (4785 turns).

H0rd4k the Charlatan (Human Artificer)              Turns: 4785, Time: 00:03:08

Health: 0/47       AC:  4    Str: 13    XL:     6   Next: 66%
Magic:  6/6        EV: 12    Int: 19    God:
Gold:   77         SH:  0    Dex: 19    Spells: 5/5 levels left

rFire   . . .      SeeInvis +   l - +4 flail "Newtslayer" {vorpal, Dex+6}
rCold   . . .      Faith    .   (no shield)
rNeg    . . .      Spirit   .   b - +0 leather armour
rPois   .          Reflect  .   (no helmet)
rElec   .          Harm     .   t - +0 cloak
rCorr   .          Rampage  .   (no gloves)
Will    .....                   (no boots)
Stlth   ++........              (no amulet)
HPRegen 0.15/turn               p - +6 ring of intelligence
MPRegen 0.10/turn               q - ring of see invisible

@: no status effects
A: no striking features
a: no special abilities


You were in an ossuary.
You visited 1 branch of the dungeon, and saw 4 of its levels.
You also visited: Ossuary.

You collected 77 gold pieces.

Inventory:

Hand Weapons
 a - a +0 club
 l - the +4 flail "Newtslayer" (weapon) {vorpal, Dex+6}
   (You found it on level 2 of the Dungeon)

   It inflicts extra damage upon your enemies.
   Dex:       It affects your dexterity (+6).
 r - a +2 dagger of venom
Missiles
 i - 9 poisoned darts
Armour
 b - a +0 leather armour (worn)
 t - a +0 cloak (worn)
Jewellery
 p - a +6 ring of intelligence (left hand)
 q - a ring of see invisible (right hand)
 s - a ring of fire
Wands
 c - a wand of flame (11) (quivered)
 d - a wand of charming (11)
Scrolls
 f - a scroll of amnesia {unknown}
 g - a scroll of enchant weapon {unknown}
 h - a scroll of blinking {unknown}
 k - a scroll of teleportation {unknown}
 n - a scroll of fog {unknown}
Potions
 j - 2 potions of resistance {unknown}
 m - 3 potions of curing {unknown}
 o - a potion of brilliance {unknown}
Miscellaneous
 e - a piece from Xom's chessboard (15/15)


   Skills:
 + Level 3.0 Fighting
 + Level 3.6 Maces & Flails
 - Level 2.0 Armour
 + Level 2.7 Dodging
 - Level 1.0 Stealth
 + Level 4.0 Evocations


You had 5 spell levels left.
You didn't know any spells.
Your spell library contained the following spells:

 Spells                   Type           Power      Damage    Failure   Level
 Magic Dart               Conj           0%         1d3       26%         1
 Shock                    Conj/Air       0%         1d3       26%         1
 Call Imp                 Summ           0%         N/A       36%         2
 Confusing Touch          Hex            0%         N/A       61%         3
 Gell's Gravitas          Tloc           0%         N/A       61%         3
 Mephitic Cloud           Conj/Pois/Air  0%         N/A       61%         3
 Swiftness                Air            0%         N/A       61%         3
 Teleport Other           Tloc           0%         N/A       61%         3
 Airstrike                Air            0%         N/A       95%         4
 Yara's Violent Unravell  Hex/Tmut       0%         3d3       100%        5
 Dispersal                Tloc           0%         N/A       100%        6
 Enfeeble                 Hex            0%         N/A       100%        7


Dungeon Overview and Level Annotations

Branches:
Dungeon (4/15)            Ossuary (1/1)
 Temple: D:4-7

Altars:

Shops:
D:1 !


Message History

You sock the endoplasm!
You kill the endoplasm!
Found 32 sling bullets.
Found 5 large rocks.
Found 8 gold pieces.
You now have 77 gold pieces (gained 8).
You hear the slow hiss of a very distant avalanche of sand.
No target in view!
Found a sand-covered staircase.
Found a war axe.
Found a cloak.
Found 2 gold pieces.
There is a sand-covered staircase here.
Found a There-And-Back Book.
You see here a +0 cloak.
t - a +0 cloak You pick up a There-And-Back Book and begin reading...
You add the spells Gell's Gravitas, Teleport Other and Dispersal to your library.
You hear the slow hiss of an avalanche of sand very nearby.
You start putting on your armour.
You continue putting on your +0 cloak. x4
You finish putting on your +0 cloak.
There is a sand-covered staircase here.
The world spins around you as you enter the gateway.
You enter an ossuary!
Found a gate leading back out of this place.
There is an empty arch of ancient stone here.
There are monsters nearby!
The mummy misses you. The mummy closely misses you. The mummy hits you! x2
You hit the mummy.
The mummy is lightly damaged.
The mummy closely misses you. The mummy misses you.
You sock the mummy!
The mummy is almost destroyed.
You completely miss the mummy.
The mummy is almost destroyed.
The mummy hits you!
* * * LOW HITPOINT WARNING * * *
The mummy barely misses you. The mummy hits you!
You die...

####
######.M#
#.....@##
+.∩.∩.MM#
#......##
######..#
####


You could see 3 mummies.

Vanquished Creatures
  An orc priest (D:3)
  2 hounds
  An iguana (D:3)
  2 orc wizards (D:3)
  A gnoll (D:2)
  5 adders
  A worm (D:2)
  2 dart slugs (D:3)
  7 orcs (D:3)
  A bat (D:2)
  5 endoplasms
  5 giant cockroaches
  2 hobgoblins
  2 jackals (D:3)
  5 kobolds
  4 quokkas (D:1)
  3 ball pythons
  3 frilled lizards
  5 goblins
  9 rats
66 creatures vanquished.

Vanquished Creatures (collateral kills)
  A gnoll (D:2)
1 creature vanquished.

Vanquished Creatures (others)
  2 gnolls (D:2)
2 creatures vanquished.

Grand Total: 69 creatures vanquished

Notes
Turn   | Place    | Note
-------+----------+-------------------------------------------
     0 | D:1      | H0rd4k the Human Artificer began the quest for the Orb.
     0 | D:1      | Reached XP level 1. HP: 15/15 MP: 1/1
   287 | D:1      | Found Plog's Distillery.
   395 | D:1      | Found a faded altar of an unknown god.
   412 | D:1      | Reached XP level 2. HP: 20/21 MP: 2/2
  1069 | D:1      | HP: 1/21 [quokka (3)]
  1589 | D:1      | Reached XP level 3. HP: 10/26 MP: 3/3
  1997 | D:2      | Identified the +4 flail "Newtslayer" {vorpal, Dex+6}
  2053 | D:2      | Reached skill level 1 in Maces & Flails
  2060 | D:2      | Reached XP level 4. HP: 2/32 MP: 4/4
  2683 | D:2      | HP: 1/33 [gnoll/+0 spear (3)]
  3354 | D:3      | Reached XP level 5. HP: 34/38 MP: 5/5
  3622 | D:3      | Reached skill level 4 in Evocations
  3981 | D:3      | Reached XP level 6. HP: 24/46 MP: 6/6
  4740 | D:4      | Found a sand-covered staircase.
  4778 | Ossuary  | Entered an ossuary
  4785 | Ossuary  | Slain by a mummy

Illustrated notes

Levels and vault maps discovered:
D:1:      wander_arrival_estate, layout_loops_corners,
          shapermc_ecumenical_altar_starsandcircs, serial_shops,
          nicolae_shop_stone
D:2:      layout_basic, grunt_ministairs_10
D:3:      layout_rooms, grunt_decor_cap, serial_bayou_pond_e, chequers_arboretum
D:4:      layout_gridville, enter_ossuary_1
Ossuary:  ossuary_minmay_chase

Skill      XL: |  1  2  3  4  5  6 |
---------------+-------------------+-----
Maces & Flails | 1 2 3 |  3.6
Fighting       | 2 3 |  3.0
Dodging        | 2 |  2.7
Evocations     | 4 |  4.0
Armour         | |  2.0
Stealth        | |  1.0

Action                   |  1- 3 |  4- 6 || total
-------------------------+-------+-------++-------
Melee: Club              |    93 |       ||    93
       Flail             |    22 |   110 ||   132
       Punch             |       |     1 ||     1
Evoke: Wand              |     4 |     4 ||     8
 Stab: Sleeping          |     5 |     2 ||     7
       Distracted        |       |     1 ||     1
Armor: Leather armour    |    38 |    37 ||    75
Dodge: Dodged            |    87 |    69 ||   156
